 Dungeon Crawl Stone Soup version 0.28.0-43-g3370ac3207 (webtiles) character file.

Game seed: 13421626369318291154

1130 issech the Cudgeller (level 8, -10/79 HPs)
             Began as a Troll Monk on Mar 27, 2022.
             Mangled by a two-headed ogre
             ... wielding a +0 giant club
              (31 damage)
             ... on level 5 of the Dungeon.
             The game lasted 00:16:38 (4515 turns).

issech the Cudgeller (Troll Monk)                   Turns: 4515, Time: 00:16:39

Health: -10/79     AC:  5    Str: 20    XL:     8   Next: 13%
Magic:  7/7        EV: 15    Int:  6    God:
Gold:   189        SH:  0    Dex: 14    Spells: 7/7 levels left

rFire   . . .      SeeInvis .   A - +3 mace
rCold   . . .      Faith    .   (no shield)
rNeg    + . .      Spirit   .   u - +1 robe {rN+}
rPois   .          Reflect  .   (helmet restricted)
rElec   .          Harm     .   (no cloak)
rCorr   .          Rampage  .   (gloves unavailable)
Will    .....                   (boots unavailable)
Stlth   ++........              (no amulet)
HPRegen 1.03/turn               r - +4 ring of evasion
MPRegen 0.10/turn               (no ring)

@: no status effects
A: large, unfitting armour, claws 3, regeneration 1, shaggy fur 1, tough skin 1
a: no special abilities


You were on level 5 of the Dungeon.
You visited 2 branches of the dungeon, and saw 7 of its levels.

You collected 189 gold pieces.

Inventory:

Hand Weapons
 a - a +0 mace
 t - a +0 scythe
 A - a +3 mace (weapon)
Missiles
 e - 90 stones (quivered)
 j - 43 arrows
 s - 78 bolts
 B - 23 sling bullets
Armour
 b - a +0 robe
 u - a +1 robe of positive energy (worn)
Magical Staves
 w - a staff of conjuration
Jewellery
 r - a +4 ring of evasion (left claw)
Scrolls
 f - a scroll of torment {unknown}
 h - 4 scrolls of teleportation
 k - a scroll of immolation {unknown}
 l - 3 scrolls of identify {unknown}
 m - a scroll of blinking {unknown}
 n - 2 scrolls of fog {unknown}
 p - 2 scrolls of amnesia {unknown}
 v - a scroll of holy word {unknown}
 y - a scroll of noise {unknown}
 z - a scroll of magic mapping {unknown}
Potions
 c - a potion of lignification {unknown}
 d - 2 potions of cancellation {unknown}
 g - a potion of brilliance {unknown}
 i - a potion of ambrosia {unknown}
 o - 3 potions of heal wounds {unknown}
 q - a potion of might {unknown}
 x - 2 potions of curing {unknown}


   Skills:
 + Level 4.4 Fighting
 + Level 6.6 Maces & Flails
 + Level 0.5 Throwing
 + Level 4.4 Dodging
 + Level 1.9 Stealth


You had 7 spell levels left.
You didn't know any spells.
Your spell library was empty.

Dungeon Overview and Level Annotations

Branches:
Dungeon (6/15)             Temple (1/1) D:5

Altars:
Ashenzari
Cheibriados
Dithmenos
Elyvilon
Fedhas
Gozag
Kikubaaqudgha
Makhleb
Okawaru
Ru
Sif Muna
Trog
Uskayaw
Xom
Yredelemnul
The Shining One

Shops:
D:4 *


Innate Abilities, Weirdness & Mutations

You are too large for most types of armour.
You have claws for hands.
Your natural rate of healing is unusually fast.
You are covered in fur. (AC +1)
You have tough skin. (AC +1)


Message History

There is an open door here.
You hit the two-headed ogre.
The two-headed ogre is severely wounded.
The two-headed ogre misses you.
The two-headed ogre hits you with a +0 giant spiked club.
You sock the two-headed ogre!
The two-headed ogre is almost dead.
The two-headed ogre hits you with a +0 giant club!
The two-headed ogre completely misses you.
The two-headed ogre hits you with a +0 giant club!!
The two-headed ogre barely misses you.
You see here a stone.
There is a stone staircase leading up, spattered with blood here.
You hit the two-headed ogre.
The two-headed ogre is severely wounded.
The two-headed ogre closely misses you. x2
The two-headed ogre closely misses you.
The two-headed ogre hits you with a +0 giant spiked club!
A black bear comes into view.
An orc comes into view. It is wielding a +1 dagger of venom.
The orc shouts!
You hit the two-headed ogre but do no damage.
The two-headed ogre is heavily wounded.
The two-headed ogre hits you with a +0 giant club!!
The two-headed ogre barely misses you.
You hit the two-headed ogre.
The two-headed ogre is severely wounded.
The two-headed ogre hits you with a +0 giant club!
* * * LOW HITPOINT WARNING * * *
The two-headed ogre hits you with a +0 giant spiked club.
* * * LOW HITPOINT WARNING * * *
An orc comes into view. It is wielding a +0 club.
The orc shouts!
There is an escape hatch in the ceiling here.
The two-headed ogre barely misses you.
The two-headed ogre hits you with a +0 giant spiked club!
* * * LOW HITPOINT WARNING * * *
A mysterious force pulls you upwards. The hatch slams shut behind you.
The two-headed ogre hits you with a +0 giant club!!
You die...

##.....## ##.......##
#.........###### #.........#....#
#### #.........#....# ###..#
#.........#....####...##
#...................###
#..................##
#...............@.##
#.........[....O..# ############
#.................# #..........#
..........##..#######..>.......#
..........#....####............#
........#...........#..........##
.......###..##...................
.....#.###......#########.##.....
.....#...#..##..# #.###....


You could see a two-headed ogre.

Vanquished Creatures
  Sigmund (D:2)
  An ice beast (D:5)
  A black bear (D:4)
  A necrophage (D:5)
  4 scorpions
  A howler monkey (D:4)
  4 hounds
  An orc priest (D:4)
  An iguana (D:5)
  Natasha (twice) (D:3)
  2 orc wizards (D:5)
  A hound zombie (D:5)
  A hound skeleton (D:4)
  4 adders
  2 worms
  3 dart slugs (D:1)
  9 orcs
  8 ball pythons
  5 endoplasms
  5 giant cockroaches
  5 goblins
  12 hobgoblins
  6 kobolds
  2 quokkas
  A bat (D:3)
  2 frilled lizards
  9 rats
94 creatures vanquished.

Notes
Turn   | Place    | Note
-------+----------+-------------------------------------------
     0 | D:1      | issech the Troll Monk began the quest for the Orb.
     0 | D:1      | Reached XP level 1. HP: 22/22 MP: 0/0
    61 | D:1      | Reached XP level 2. HP: 29/29 MP: 1/1
   112 | D:1      | Reached skill level 3 in Maces & Flails
   499 | D:1      | Found a faded altar of an unknown god.
   570 | D:1      | Reached XP level 3. HP: 33/36 MP: 2/2
  1015 | D:3      | Noticed Natasha
  1022 | D:3      | Killed Natasha
  1023 | D:3      | Reached XP level 4. HP: 44/44 MP: 3/3
  1114 | D:3      | Noticed Natasha
  1124 | D:3      | Killed Natasha
  1249 | D:3      | Reached skill level 4 in Maces & Flails
  1356 | D:2      | Reached XP level 5. HP: 49/53 MP: 4/4
  1594 | D:2      | Found an opulent altar of Gozag.
  1664 | D:2      | Noticed Sigmund
  2140 | D:2      | Killed Sigmund
  2141 | D:2      | Reached XP level 6. HP: 31/61 MP: 5/5
  2365 | D:4      | Found a broken altar of Ashenzari.
  2459 | D:4      | Reached skill level 5 in Maces & Flails
  2595 | D:4      | Found Ostolaos's Assorted Antiques.
  2695 | D:4      | Reached XP level 7. HP: 57/68 MP: 6/6
  3209 | D:5      | Entered Level 5 of the Dungeon
  3271 | D:5      | Reached skill level 6 in Maces & Flails
  3407 | D:5      | Found a staircase to the Ecumenical Temple.
  3424 | Temple   | Entered the Ecumenical Temple
  3686 | D:5      | Found a snail-covered altar of Cheibriados.
  3686 | D:5      | Found a shimmering altar of Xom.
  3889 | D:5      | Reached XP level 8. HP: 79/79 MP: 7/7
  4158 | D:6      | Found a sacrificial altar of Ru.
  4206 | D:6      | Noticed a two-headed ogre
  4515 | D:5      | Mangled by a two-headed ogre

Illustrated notes

Levels and vault maps discovered:
D:1:      noname_arrival_rooms_in_the_neighbourhood, layout_basic,
          hellmonk_ecumenical_altar_zigzags, hangedman_abyss_or_decor_stabs,
          minmay_vboxes
D:2:      layout_loops_ring, basic_altar, uniq_sigmund
D:3:      layout_basic, uniq_natasha
D:4:      cheibrodos_quashed, layout_cave_pools, ashenzari_conservatory_becter,
          serial_shops, shop, nrook_mini_backslash, grunt_ministairs_15,
          patterned_corridor
D:5:      layout_rooms, gammafunk_temple_overflow_elements, temple_hall,
          kennysheep_generic_room_12
D:6:      layout_cave_pools, mainiacjoe_overflow_six_doors_small
Temple:   minmay_temple_bridge_abc

Skill      XL: |  1  2  3  4  5  6  7 |
---------------+----------------------+-----
Maces & Flails | 3 4 5 6 |  6.6
Dodging        | 3 4 |  4.4
Fighting       | 3 4 |  4.4
Throwing       | |  0.5
Stealth        | |  1.9

Action                   |  1- 3 |  4- 6 |  7- 9 || total
-------------------------+-------+-------+-------++-------
Melee: Mace              |   103 |   160 |   151 ||   414
       Punch             |       |     3 |     2 ||     5
Throw: Stone             |       |     4 |     4 ||     8
  Use: Scroll            |       |       |     1 ||     1
 Stab: Sleeping          |     2 |     1 |     1 ||     4
       Distracted        |       |     1 |       ||     1
Armor: Robe              |    34 |    38 |    39 ||   111
Dodge: Dodged            |    61 |    95 |   130 ||   286
